 Dungeon Crawl Stone Soup version 0.30-a0-845-g7c6808c8ce (webtiles) character file.

Game seed: 6275458715261892618

976 lunkers the Slicer (level 8, -1/63 HPs)
             Began as a Meteoran Fighter on Mar 2, 2023.
             Was an Initiate of Uskayaw.
             Slain by an ice beast (3 damage)
             ... on level 6 of the Dungeon.
             The game lasted 00:08:11 (3048 turns).

lunkers the Slicer (Meteoran Fighter)               Turns: 3048, Time: 00:08:12

Health: -1/63      AC:  6    Str: 18    XL:     8   Next: 67%
Magic:  6/9        EV:  9    Int:  9    God:    Uskayaw [......]
Gold:   272        SH:  6    Dex: 16    Spells: 7/7 levels left

rFire   . . .      SeeInvis .    b - +1 dagger (venom)
rCold   . . .      Faith    .    c - +1 buckler
rNeg    . . .      Spirit   .    y - +0 scale mail
rPois   .          Reflect  .    (no helmet)
rElec   .          Rampage  .    (no cloak)
rCorr   .                        (no gloves)
Will    +....                    (no boots) Stlth
                                 (no amulet)
HPRegen 0.30/turn                (no ring)
MPRegen 0.11/turn                (no ring)

@: glowing
A: sense surroundings 1, otherworldly, glowing, explore regen
a: Renounce Religion


You were on level 6 of the Dungeon.
You worshipped Uskayaw.
Uskayaw was noncommittal.
You visited 2 branches of the dungeon, and saw 7 of its levels.

You collected 272 gold pieces.

Inventory:

Hand Weapons
 a - a +0 long sword
 b - a +1 dagger of venom (weapon)
Missiles
 z - 6 curare-tipped darts
Armour
 c - a +1 buckler (worn)
 y - a +0 scale mail (worn)
Wands
 F - a wand of flame (37)
Scrolls
 g - 4 scrolls of enchant armour
 h - 4 scrolls of torment {unknown}
 j - 6 scrolls of vulnerability
 l - a scroll of fog {unknown}
 q - a scroll of amnesia {unknown}
 r - 2 scrolls of fear {unknown}
 t - 6 scrolls of identify {unknown}
 u - 3 scrolls of blinking {unknown}
 w - a scroll of immolation {unknown}
 x - 3 scrolls of silence {unknown}
 B - a scroll of acquirement {unknown}
 C - 2 scrolls of teleportation {unknown}
 D - a scroll of noise {unknown}
 E - a scroll of poison {unknown}
Potions
 d - 2 potions of might
 e - a potion of flight {unknown}
 f - a potion of resistance
 i - a potion of cancellation {unknown}
 k - 2 potions of heal wounds {unknown}
 m - a potion of attraction {unknown}
 n - a potion of experience {unknown}
 o - 2 potions of degeneration {unknown}
 p - a potion of ambrosia {unknown}
 s - a potion of magic {unknown}
 v - a potion of curing {unknown}
 A - a potion of lignification {unknown}


   Skills:
 - Level 3.2 Fighting
 * Level 8.2(9.1) Short Blades
 - Level 6.6(8.8) Long Blades
 - Level 3.6 Armour
 - Level 3.6 Shields


You had 7 spell levels left.
You didn't know any spells.
Your spell library contained the following spells:

 Spells                   Type           Power      Damage    Failure   Level
 Apportation              Tloc           0%         N/A       86%         1
 Cigotuvi's Dreadful Rot  Necr/Pois/Air  0%         N/A       94%         2
 Poisonous Vapours        Pois/Air       0%         N/A       94%         2
 Mephitic Cloud           Conj/Pois/Air  0%         N/A       99%         3
 Alistair's Intoxication  Tmut/Pois      0%         N/A       100%        5


Dungeon Overview and Level Annotations

Branches:
Dungeon (6/15) Zot: 768    Temple (1/1) D:4 Zot: 423

Altars:
Cheibriados
Dithmenos
Elyvilon
Fedhas
Gozag
Hepliaklqana
Makhleb
Nemelex Xobeh
Okawaru
Qazlal
Ru
Sif Muna
Trog
Uskayaw
Vehumet
Yredelemnul
Zin
The Shining One

Shops:
D:1 (

Annotations:
D:4 Menkaure


Innate Abilities, Weirdness & Mutations

You passively map a small area around you.
You are easily found by Zot.
You glow in the dark.
You regain HP and MP as you explore.


Message History

The ice beast hits you.
* * * LOW HITPOINT WARNING * * *
The ice beast freezes you!
* * * LOW HITPOINT WARNING * * *
You closely miss the ice beast.
The ice beast is moderately wounded.
The ice beast hits you.
* * * LOW HITPOINT WARNING * * *
The ice beast freezes you!
* * * LOW HITPOINT WARNING * * *
You stomp with the beat, sending a shockwave through the revellers around you!
The ice beast is heavily wounded.
You can no longer stomp with the beat.
The ice beast completely misses you.
Unknown command.
Unknown command.
Okay, then.
Unknown command.
Unknown command.
Okay, then.
Unknown command.
You closely miss the ice beast.
The ice beast is heavily wounded.
You hit the ice beast.
The ice beast is severely wounded.
The ice beast closely misses you.
You hit the ice beast.
The ice beast is severely wounded.
Unknown command.
You hit the ice beast.
The ice beast looks as sick as possible!
The ice beast is almost dead.
The ice beast hits you.
* * * LOW HITPOINT WARNING * * *
The ice beast freezes you!
* * * LOW HITPOINT WARNING * * *
You closely miss the ice beast.
The ice beast is almost dead.
The ice beast hits you.
You die...

###...### #........#...)..
#####.......#
#..........#####
#........##.# #........###
#.##......#.# ####........#
#.##..#....... ..##.).....#
#.....#.....## #.##.......#
#.###.#.#.#.####.##.......#
.#.##<..........Y.######.##
###......##.####@........#
# ##.##..# .# *#.♣♣♣♣♣...#
###.##*...... #..♣ * ♣♣..#
.#.##* ....##...♣♣ ♣..#
#.## , ...####. ** ♣..# ###
* ..# #. ♣..# . ,, *, ..#
## ...# .* ,, , , ...# .#*
* ** * *


You could see an ice beast (extremely poisoned).

Vanquished Creatures
  3 black bears
  2 centaurs
  A phantom (D:6)
  2 kobold brigands
  Blork the orc (D:6)
  3 hounds
  Natasha (D:4)
  3 iguanas
  5 adders
  An ufetubus (D:5)
  A worm (D:3)
  An orc (D:4)
  3 endoplasms
  3 giant cockroaches
  3 goblins
  A hobgoblin (D:1)
  7 kobolds
  2 quokkas
  2 ball pythons
  2 bats (D:1)
  3 frilled lizards
  2 rats
52 creatures vanquished.

Notes
Turn   | Place    | Note
-------+----------+-------------------------------------------
     0 | D:1      | lunkers the Meteoran Fighter began the quest for the Orb.
     0 | D:1      | Reached XP level 1. HP: 19/19 MP: 2/2
   137 | D:1      | Reached XP level 2. HP: 24/26 MP: 3/3
   394 | D:1      | Found Listrisio's Weapon Shoppe.
   906 | D:3      | Noticed a black bear
   919 | D:3      | Killed a black bear
   920 | D:3      | Reached skill level 5 in Long Blades
   920 | D:3      | Reached XP level 3. HP: 9/31 MP: 4/4
   920 | D:3      | Reached XP level 4. HP: 12/38 MP: 5/5
   920 | D:3      | Reached XP level 5. HP: 14/45 MP: 6/6
  1189 | D:3      | Found a shimmering blue altar of Sif Muna.
  1493 | D:4      | Noticed Natasha
  1499 | D:4      | Killed Natasha
  1669 | D:4      | Found a staircase to the Ecumenical Temple.
  1682 | D:4      | Reached XP level 6. HP: 48/51 MP: 7/7
  1687 | Temple   | Entered the Ecumenical Temple
  1849 | Temple   | Became a worshipper of Uskayaw the Reveller
  1948 | D:4      | Reached * piety under Uskayaw
  1952 | D:4      | Reached skill level 1 in Short Blades
  2067 | D:4      | Noticed Menkaure
  2068 | D:4      | Found a stormy altar of Qazlal.
  2186 | D:4      | Reached skill level 2 in Short Blades
  2237 | D:4      | Reached skill level 3 in Short Blades
  2319 | D:5      | Entered Level 5 of the Dungeon
  2446 | D:5      | Reached ** piety under Uskayaw
  2451 | D:5      | Reached XP level 7. HP: 26/57 MP: 8/8
  2685 | D:6      | Noticed Blork the orc
  2696 | D:5      | Reached skill level 4 in Short Blades
  2700 | D:5      | Reached skill level 5 in Short Blades
  2814 | D:6      | Reached skill level 6 in Short Blades
  2814 | D:6      | Reached XP level 8. HP: 11/63 MP: 9/9
  2818 | D:6      | Reached *** piety under Uskayaw
  2840 | D:6      | Killed Blork the orc
  2841 | D:6      | Reached skill level 7 in Short Blades
  2997 | D:6      | Reached skill level 8 in Short Blades
  3047 | D:6      | HP: 2/63 [ice beast (10)]
  3048 | D:6      | Slain by an ice beast

Illustrated notes

Levels and vault maps discovered:
D:1:      wheals_arrival_shading, layout_basic, serial_shops,
          nicolae_square_shop
D:2:      layout_basic, serial_corexii_hall, chequers_hall_statues_wall_a,
          corexii_hall_statues_s, chequers_hall_statues_y,
          corexii_hall_statues_x, minmay_bisected
D:3:      layout_basic, nicolae_overflow_hidden_temple, bh_walls_and_bars
D:4:      layout_loops_ring, grunt_qazlal_sundering,
          minmay_temple_entry_purple_smoke, minmay_small_thing, uniq_menkaure,
          uniq_natasha
D:5:      layout_loops_ring, mainiacjoe_overflow_chevrons,
          gammafunk_temple_overflow_pools
D:6:      kennysheep_windowed_halls, layout_loops_cross, tgw_xom,
          nrook_campfire, uniq_blork_the_orc
Temple:   nicolae_temple_elliptical

Skill      XL: |  1  2  3  4  5  6  7  8 |
---------------+-------------------------+-----
Long Blades    | 3 5 6 |  6.6
Short Blades   | 3 6 8 |  8.2
Fighting       | |  3.2
Armour         | |  3.6
Shields        | |  3.6

Action                     |  1- 3 |  4- 6 |  7- 9 || total
---------------------------+-------+-------+-------++-------
  Melee: Long sword        |    54 |    39 |       ||    93
         Dagger            |       |    52 |   143 ||   195
 Invoke: Stomp             |       |       |     3 ||     3
    Use: Scroll            |       |     2 |       ||     2
         Potion            |       |       |     1 ||     1
   Stab: Paralysed         |       |       |     1 ||     1
 Armour: Scale mail        |    27 |    25 |    41 ||    93
  Dodge: Dodged            |    31 |    29 |    37 ||    97
  Block: Buckler           |    12 |    18 |    30 ||    60

Table legend: (Time is in decaauts)
 A = Elapsed time spent in this place.
 B = Non-inter-level travel time spent in this place.
 C = Inter-level travel time spent in this place.
 D = Time resting spent in this place.
 E = Time spent auto-exploring this place.
 F = Levels seen in this place.
 G = Mean time per level.
                   A        B        C        D        E       F      G
               +--------+--------+--------+--------+--------+-----+--------+
         Total |   3008 |   2881 |    127 |      0 |   2227 |   7 |  429.7 |
       Dungeon |   2831 |   2718 |    113 |      0 |   2092 |   6 |  471.8 |
        Temple |    176 |    162 |     14 |      0 |    135 |   1 |  176.0 |
               +--------+--------+--------+--------+--------+-----+--------+

Top non-repeatable levels by time:
     D:4: 640 daAuts
     D:3: 598 daAuts
     D:2: 478 daAuts
     D:1: 438 daAuts
     D:5: 381 daAuts
     D:6: 293 daAuts
  Temple: 176 daAuts
